 Dungeon Crawl Stone Soup version 0.19.5 (webtiles) character file.

100 Inarius the Skirmisher (level 4, -5/41 HPs)
             Began as a Minotaur Fighter on Apr 11, 2017.
             Slain by Inarius's ghost (9 damage)
             ... on level 3 of the Dungeon.
             The game lasted 00:05:57 (1976 turns).

Inarius the Skirmisher (Minotaur Fighter)           Turns: 1976, Time: 00:06:00

Health: -5/41      AC:  7    Str: 22    XL:     4   Next: 47%
Magic:  3/3        EV:  7    Int:  5    God:
Gold:   102        SH:  9    Dex:  9    Spells: 0 memorised, 3 levels left

rFire  . . .     SeeInvis .     a - +0 war axe
rCold  . . .     Gourm    .     b - +0 scale mail
rNeg   . . .     Faith    .     c - +0 shield
rPois  .         Spirit   .     (helmet restricted)
rElec  .         Reflect  .     (no cloak)
rCorr  .         Harm     .     (no gloves)
MR     .....                    (no boots)
Stlth  ..........               (no amulet)
                                (no ring)
                                (no ring)

@: no status effects
A: retaliatory headbutt, horns 2
a: no special abilities


You were on level 3 of the Dungeon.
You were not hungry.

You visited 1 branch of the dungeon, and saw 3 of its levels.

You collected 102 gold pieces.

Inventory:

Hand Weapons
 a - a +0 war axe (weapon)
Armour
 b - a +0 scale mail (worn)
 c - a +0 shield (worn)
Scrolls
 i - a scroll of immolation {unknown}
 j - a scroll of fear {unknown}
 m - a scroll of identify {unknown}
 o - a scroll of amnesia {unknown}
 q - a scroll of remove curse {unknown}
Potions
 d - a potion of might
 e - a potion of heal wounds {unknown}
 g - 4 potions of curing {unknown}
 h - a potion of resistance {unknown}
 l - a potion of degeneration {unknown}
 p - a potion of mutation {unknown}
Comestibles
 f - 3 bread rations
 k - 2 slices of pizza
 n - a chunk of flesh


   Skills:
 + Level 4.6 Fighting
 + Level 3.7 Axes
 + Level 4.2 Armour
 + Level 0.4 Dodging
 + Level 0.3 Stealth
 + Level 4.2 Shields


You had 3 spell levels left.
You didn't know any spells.

Dungeon Overview and Level Annotations

Branches:
Dungeon (3/15)

Altars:
Dithmenos

Annotations:
D:3 Inarius's ghost, novice MiFi


Innate Abilities, Weirdness & Mutations

You reflexively headbutt those who attack you in melee.
You have a pair of horns on your head.


Message History

You are feeling hungry.
This raw flesh tastes terrible.
Okay, then.
Found 13 poisoned needles.
g - 4 sapphire potions (gained 1) Inarius's ghost turns its malevolent gaze towards you.
Inarius's ghost hits you!
You slash Inarius's ghost!
Inarius's ghost is moderately damaged.
Inarius's ghost hits you.
You are electrocuted!
* * * LOW HITPOINT WARNING * * *
A goblin comes into view.
You closely miss Inarius's ghost.
The goblin shouts!
Your headbutt misses Inarius's ghost.
Inarius's ghost is moderately damaged.
Inarius's ghost hits you.
* * * LOW HITPOINT WARNING * * *
You are electrocuted!
You die...

#.#.######..####..
#..#.. #......... #.
##. #......... .. #.
#......... .. # #..
#.........
..##.##.........
#.....#.......(.
#..............#...#
###..@W............#
###..........##..##
#$.#..##...##...
..............# #
..............# .
...............## #
.....g.....†....###
..........######....
....... #....


You could see Inarius's ghost and a goblin.

Vanquished Creatures
  4 adders (D:2)
  An ooze (D:2)
  2 worms (D:2)
  A dart slug (D:3)
  A leopard gecko (D:1)
  7 bats
  7 giant cockroaches
  7 goblins
  4 hobgoblins
  2 jackals (D:2)
  2 quokkas (D:2)
  A ball python (D:2)
  4 frilled lizards
  2 kobolds (D:1)
  6 rats
51 creatures vanquished.

Notes
Turn   | Place    | Note
-------+----------+-------------------------------------------
     0 | D:1      | Inarius the Minotaur Fighter began the quest for the Orb.
     0 | D:1      | Reached XP level 1. HP: 19/19 MP: 0/0
   108 | D:1      | Reached XP level 2. HP: 26/27 MP: 1/1
   662 | D:2      | Reached XP level 3. HP: 30/33 MP: 2/2
  1015 | D:2      | Found a shadowy altar of Dithmenos.
  1108 | D:2      | Reached XP level 4. HP: 34/41 MP: 3/3
  1487 | D:2      | You fall through a shaft!
  1487 | D:3      | Noticed Inarius's ghost (novice MiFi)
  1976 | D:3      | Slain by Inarius's ghost

Skill      XL: |  1  2  3 |
---------------+----------+-----
Fighting       | 4 |  4.6
Axes           | 3 |  3.7
Armour         | 4 |  4.2
Shields        | 4 |  4.2
Dodging        | |  0.4
Stealth        | |  0.3

Action                   |  1- 3 |  4- 6 || total
-------------------------+-------+-------++-------
Melee: War axe           |    84 |    43 ||   127
       Headbutt          |    11 |     5 ||    16
  Eat: Chunk             |     1 |     3 ||     4
Armor: Scale mail        |    43 |    36 ||    79
Dodge: Dodged            |    42 |    24 ||    66
Block: Shield            |    39 |    34 ||    73
